 Dungeon Crawl Stone Soup version 0.19.0-9-gfd783f2 (webtiles) character file.

28169 Jerry the Unseen (level 13, -4/55 HPs)
             Began as a Spriggan Enchanter on Nov 7, 2016.
             Was a Believer of Dithmenos.
             Slain by a dream sheep (30 damage)
             ... on level 5 of the Lair of Beasts.
             The game lasted 01:31:47 (14914 turns).

Jerry the Unseen (Spriggan Enchanter)              Turns: 14914, Time: 01:31:48

Health: -4/55      AC:  5    Str:  4    XL:     13   Next: 8%
Magic:  24/24      EV: 35    Int: 17    God:    Dithmenos [**....]
Gold:   907        SH:  0    Dex: 21    Spells: 4 memorised, 14 levels left

rFire  . . .     SeeInvis +     H - +3 dagger
rCold  + . .     Gourm    .     F - +2 robe {rC+}
rNeg   . . .     Faith    .     (shield restricted)
rPois  .         Spirit   .     (helmet restricted)
rElec  .         Reflect  .     M - +0 cloak
rCorr  .         Harm     .     (gloves unavailable)
MR     +++..                    (boots unavailable)
Stlth  +++++++++.               a - amulet of magic regeneration
                                I - +4 ring of evasion
                                o - ring of protection from magic

@: wreathed by umbra, very quick
A: unfitting armour, see invisible, herbivore 3, speed 3, slow metabolism 2
a: Shadow Step, Renounce Religion


You were on level 5 of the Lair of Beasts.
You worshipped Dithmenos.
Dithmenos was pleased with you.
You were not hungry.

You visited 3 branches of the dungeon, and saw 16 of its levels.

You collected 907 gold pieces.

Inventory:

Hand Weapons
 i - a +1 dagger of venom
 j - a +0 blowgun
 H - a +3 dagger (weapon)
Missiles
 p - 2 throwing nets (quivered)
 q - 4 curare-tipped needles
 u - 9 poisoned needles
Armour
 F - a +2 robe of cold resistance (worn)
 M - a +0 cloak (worn)
Jewellery
 a - an amulet of magic regeneration (around neck)
 o - a ring of protection from magic (left hand)
 I - a +4 ring of evasion (right hand)
Wands
 x - a wand of iceblast (11/15)
 y - a wand of teleportation (5/9)
Scrolls
 e - 7 scrolls of remove curse
 g - 6 scrolls of magic mapping
 r - 3 scrolls of recharging
 s - 2 scrolls of amnesia
 v - 2 scrolls of teleportation
 w - 2 scrolls of enchant armour
 C - 2 scrolls of identify
 G - a scroll of vulnerability {unknown}
 J - a scroll of noise {unknown}
 K - a scroll of fog
Potions
 b - a potion of ambrosia
 f - 3 potions of cancellation
 h - 2 potions of agility {unknown}
 l - a potion of haste
 n - 5 potions of heal wounds
 z - 4 potions of curing
 B - 4 potions of lignification
 D - a potion of flight
 E - a potion of brilliance
Books
 c - a book of Maledictions

   Spells                             Type                      Level
   a - Corona                         Hexes                        1
   b - Ensorcelled Hibernation        Hexes/Ice                    2
   c - Confuse                        Hexes                        3
   d - Tukima's Dance                 Hexes                        3
   e - Dazzling Spray                 Conjuration/Hexes            3
 t - a book of Enchantments

   Spells                             Type                      Level
   a - Cause Fear                     Hexes                        4
   b - Yara's Violent Unravelling     Hexes/Transmutation          5
   c - Silence                        Hexes/Air                    5
   d - Deflect Missiles               Charms/Air                   6
   e - Discord                        Hexes                        8
Miscellaneous
 k - a phial of floods
Comestibles
 d - 6 bread rations
 m - a royal jelly
 A - 13 fruits
 L - a slice of pizza


   Skills:
 - Level 10.0 Short Blades
 + Level 13.0 Dodging
 + Level 16.4 Stealth
 - Level 7.2 Spellcasting
 + Level 14.7 Hexes


You had 14 spell levels left.
You knew the following spells:

 Your Spells              Type           Power        Failure   Level  Hunger
a - Cause Fear            Hex            ######....   1%          4    ####...
b - Ensorcelled Hibernat  Hex/Ice        ####..       1%          2    None
c - Confuse               Hex            ######..     1%          3    ##.....
d - Tukima's Dance        Hex            ######..     1%          3    ##.....


Dungeon Overview and Level Annotations

Branches:
Dungeon (10/15)            Temple (1/1) D:5            Lair (5/6) D:10
 Shoals (0/4) Lair:4       Spider (0/4) Lair:4
  Slime: Lair:5-6       Orc: D:9-12

Altars:
Ashenzari
Cheibriados
Dithmenos
Elyvilon
Fedhas
Gozag
Hepliaklqana
Kikubaaqudgha
Makhleb
Nemelex Xobeh
Okawaru
Qazlal
Ru
Sif Muna
Trog
Uskayaw
Vehumet
Xom
Yredelemnul
Zin
The Shining One

Annotations:
D:3 AAAAA's ghost, weakling OpWr
D:5 Zigma's ghost, amateur DrTm


Innate Abilities, Weirdness & Mutations

You are very small and have problems with some larger weapons.
You are too small for most types of armour.
You have supernaturally acute eyesight. (SInv)
You are a herbivore.
You cover ground extremely quickly.
You need consume almost no food.


Message History

The bullfrog snags a nearby millipede with its tongue.
The bullfrog misses you.
The water moccasin completely misses you.
The bullfrog hits you!
You wake up.
The water moccasin barely misses you. The bullfrog completely misses you.
The dream sheep bites you.
The bullfrog releases a deep croak.
You are overwhelmed by glittering dream dust!
You feel drowsy...
You fall asleep.
The bullfrog completely misses you. The water moccasin misses you.
The bullfrog misses you. The water moccasin closely misses you.
The bullfrog completely misses you. x2
The water moccasin completely misses you.
The bullfrog closely misses you. The dream sheep closely misses you.
The bullfrog completely misses you.
The water moccasin completely misses you.
The bullfrog misses you. The bullfrog barely misses you.
The dream sheep bites you!!
You wake up.
Ouch! That really hurt!
You die...

................##
...............P#
...............##
.P##(...........###
##............P##
.........Y....P#
.........YY....#
.<.....YFFS...##
...#....Y@Y..##
...........##
#.##..<..P# .#
#.....## ##.†..#
......†..#
........##
........# .........


You could see a water moccasin, 2 bullfrogs and 6 dream sheep.

Vanquished Creatures
  3 hydras
  Erica (D:9)
  A hill giant (D:9)
  A deep elf mage (D:9)
  Pikel (D:6)
  An orb spider (Lair:4)
  5 elephants
  A spiny frog (Lair:5)
  A komodo dragon (Lair:2)
  A troll (D:9)
  3 blink frogs (Lair:2)
  A snapping turtle (Lair:4)
  4 hippogriffs
  17 yaks
  Eustachio (D:5)
  3 vampire mosquitoes (Lair:3)
  3 basilisks
  An insubstantial wisp (Lair:3)
  7 water moccasins
  4 orc warriors
  7 porcupines
  A black bear (D:8)
  A sky beast (D:6)
  4 ice beasts
  A phantom (D:5)
  4 centaurs
  10 ogres
  5 wolves (Lair:3)
  7 crocodiles
  11 bullfrogs
  A water moccasin zombie (D:9)
  2 scorpions
  3 electric eels
  A crimson imp (D:7)
  3 howler monkeys
  2 bullfrog zombies
  2 hounds
  7 orc priests
  8 orc wizards
  Jessica (D:2)
  2 iguanas
  Ijyb (D:3)
  Natasha (D:3)
  6 worker ants
  A worker ant zombie (D:10)
  9 gnolls
  A howler monkey skeleton (D:8)
  9 adders
  An ooze (D:1)
  An adder skeleton (D:5)
  2 worms
  2 dart slugs
  6 leopard geckos
  32 orcs
  11 bats
  3 giant cockroaches
  2 goblins (D:1)
  17 hobgoblins
  14 jackals
  5 kobolds
  3 quokkas
  4 ball pythons
  A frilled lizard (D:4)
  A leopard gecko skeleton (D:5)
  5 rats
  A plant (D:10)
282 creatures vanquished.

Vanquished Creatures (collateral kills)
  An orc (D:10)
  A quokka (D:10)
2 creatures vanquished.

Vanquished Creatures (others)
  3 fungi (Lair:2)
  A plant (Lair:2)
4 creatures vanquished.

Grand Total: 288 creatures vanquished

Notes
Turn   | Place    | Note
-------+----------+-------------------------------------------
     0 | D:1      | Jerry the Spriggan Enchanter began the quest for the Orb.
     0 | D:1      | Reached XP level 1. HP: 9/9 MP: 5/5
   253 | D:2      | Reached XP level 2. HP: 13/13 MP: 6/6
   257 | D:2      | Learned a level 2 spell: Ensorcelled Hibernation
   327 | D:2      | Noticed Jessica
  1116 | D:2      | Reached XP level 3. HP: 15/16 MP: 5/8
  1436 | D:2      | Reached skill level 5 in Stealth
  1923 | D:2      | Reached XP level 4. HP: 21/21 MP: 6/9
  2454 | D:2      | Killed Jessica
  2662 | D:3      | Reached XP level 5. HP: 17/24 MP: 7/10
  2881 | D:3      | Found a hide-covered altar of Uskayaw.
  2881 | D:3      | Found a bloodstained altar of Trog.
  2923 | D:3      | Noticed Ijyb
  2969 | D:3      | Killed Ijyb
  2991 | D:3      | Noticed Natasha
  3021 | D:3      | Killed Natasha
  3021 | D:3      | Reached skill level 5 in Dodging
  3021 | D:3      | Reached skill level 6 in Stealth
  3037 | D:3      | Noticed AAAAA's ghost (weakling OpWr)
  3075 | D:3      | Found a glowing silver altar of Zin.
  3315 | D:4      | Noticed a centaur
  3325 | D:4      | Killed a centaur
  3325 | D:4      | Reached skill level 5 in Hexes
  3325 | D:4      | Reached XP level 6. HP: 28/28 MP: 11/11
  3761 | D:4      | Reached skill level 7 in Stealth
  3774 | D:4      | Reached XP level 7. HP: 24/32 MP: 7/13
  4035 | D:5      | Entered Level 5 of the Dungeon
  4186 | D:5      | Noticed Eustachio
  4194 | D:5      | Killed Eustachio
  4352 | D:5      | Noticed Zigma's ghost (amateur DrTm)
  4728 | D:5      | Reached skill level 8 in Stealth
  4899 | D:6      | Reached skill level 5 in Short Blades
  4899 | D:6      | Reached skill level 5 in Spellcasting
  4931 | D:6      | Reached XP level 8. HP: 36/36 MP: 14/16
  5010 | D:6      | Reached skill level 9 in Stealth
  5295 | D:6      | Noticed Pikel
  6125 | D:8      | Reached skill level 10 in Stealth
  6191 | D:8      | Noticed a hippogriff
  6274 | D:8      | Killed a hippogriff
  6292 | D:8      | Reached XP level 9. HP: 39/39 MP: 11/17
  6297 | D:8      | Learned a level 3 spell: Confuse
  6301 | D:8      | Learned a level 3 spell: Tukima's Dance
  7451 | D:9      | Noticed a troll
  7453 | D:9      | Killed a troll
  7453 | D:9      | Reached skill level 11 in Stealth
  7502 | D:9      | Noticed a skeletal warrior
  7503 | D:9      | Noticed a hill giant
  7522 | D:8      | Reached skill level 10 in Dodging
  7593 | D:9      | Noticed a gargoyle
  7648 | D:9      | Noticed a deep elf mage
  7668 | D:9      | Killed a deep elf mage
  7914 | D:9      | Noticed Erica
  7919 | D:9      | Killed Erica
  7919 | D:9      | Reached skill level 12 in Stealth
  7919 | D:9      | Reached XP level 10. HP: 44/44 MP: 19/21
  8228 | D:9      | Killed a hill giant
  9033 | D:6      | Killed Pikel
  9033 | D:6      | Reached skill level 13 in Stealth
  9327 | D:5      | Found a staircase to the Ecumenical Temple.
  9336 | Temple   | Entered the Ecumenical Temple
  9518 | Temple   | Became a worshipper of Dithmenos the Shadowed
  9626 | D:10     | Entered Level 10 of the Dungeon
  9646 | D:10     | Found a staircase to the Lair.
 10570 | Lair:1   | Entered Level 1 of the Lair of Beasts
 10688 | Lair:1   | Reached * piety under Dithmenos
 10714 | Lair:1   | Learned a level 4 spell: Cause Fear
 10842 | Lair:1   | Noticed a six-headed hydra
 10848 | Lair:1   | Killed a six-headed hydra
 10848 | Lair:1   | Reached skill level 10 in Short Blades
 10848 | Lair:1   | Reached skill level 14 in Stealth
 10848 | Lair:1   | Reached XP level 11. HP: 47/47 MP: 22/22
 11329 | Lair:2   | Noticed a five-headed hydra
 11580 | Lair:2   | Reached skill level 10 in Hexes
 11933 | Lair:2   | Killed a five-headed hydra
 11933 | Lair:2   | Reached skill level 15 in Stealth
 11991 | Lair:2   | Reached XP level 12. HP: 51/51 MP: 21/23
 11996 | Lair:2   | Identified a scroll of acquirement
 13064 | Lair:3   | Reached ** piety under Dithmenos
 13636 | Lair:3   | Noticed a five-headed hydra
 13643 | Lair:3   | Killed a five-headed hydra
 14057 | Lair:4   | Found a hole to the Spider Nest.
 14068 | Lair:4   | Reached skill level 16 in Stealth
 14400 | Lair:4   | Reached XP level 13. HP: 41/55 MP: 16/24
 14505 | Lair:4   | Found a staircase to the Shoals.
 14914 | Lair:5   | Slain by a dream sheep

Skill      XL: |  1  2  3  4  5  6  7  8  9 10 11 12 13 |
---------------+----------------------------------------+-----
Spellcasting   | 3 5 7 |  7.2
Dodging        | 4 5 6 7 9 10 11 12 13 | 13.0
Stealth        | 5 6 7 8 10 12 14 15 16 | 16.4
Short Blades   | 2 3 5 6 8 10 | 10.0
Hexes          | 4 5 6 9 13 14 | 14.7

Action                   |  1- 3 |  4- 6 |  7- 9 | 10-12 | 13-15 || total
-------------------------+-------+-------+-------+-------+-------++-------
Melee: Dagger            |    88 |   118 |   203 |   322 |    11 ||   742
       Unarmed           |       |     6 |       |       |       ||     6
 Cast: Ensorcelled Hiber |    17 |    27 |    63 |   133 |    15 ||   255
       Corona            |     1 |       |     1 |       |       ||     2
       Confuse           |       |       |       |    27 |       ||    27
  Use: Potion            |       |     2 |       |     2 |       ||     4
       Scroll            |       |       |       |    24 |       ||    24
 Stab: Sleeping          |    22 |    28 |    49 |    89 |    10 ||   198
       Distracted        |       |     2 |     1 |       |       ||     3
       Confused          |       |     2 |       |    12 |       ||    14
  Eat: Pizza             |       |     2 |     2 |       |       ||     4
       Fruit             |       |       |     2 |     1 |       ||     3
       Bread ration      |       |       |       |     1 |       ||     1
Armor: Robe              |     7 |    12 |     6 |     8 |       ||    33
Dodge: Dodged            |    87 |   114 |   142 |   199 |    52 ||   594
